 Dungeon Sprint DCSS version 0.30.1-11-g7821555f0a (webtiles) character file.

Game seed: 16154336097821050364

11974 Heoruswealwe the Phalangite (level 11, -8/118 HPs)
             Began as a Minotaur Fighter on Oct 28, 2023.
             Was an Initiate of Gozag.
             Killed by divine providence
             ... invoked by an orc high priest
              (13 damage)
             ... in the Dungeon (Sprint IX: "|||||||||||||||||||||||||||||").
             The game lasted 00:13:00 (1520 turns).

Heoruswealwe the Phalangite (Minotaur Fighter)      Turns: 1520, Time: 00:13:02

Health: -8/118     AC: 30    Str: 25    XL:     11   Next: 56%
Magic:  10/10      EV:  8    Int:  5    God:    Gozag
Gold:   5828       SH:  0    Dex: 10    Spells: 10/10 levels left

rFire   . . .        b - +2 halberd (protect)
rCold   . . .        (shield currently unavailable)
rNeg    . . .        c - +0 plate armour
rPois   .            (helmet restricted)
rElec   .            h - +0 cloak
rCorr   .            f - +0 pair of gloves
SInv    .            (no boots)
Will    .....        (no amulet) Stlth
                     k - +2 ring of protection
HPRegen 0.39/turn    (no ring)
MPRegen 0.12/turn

%: no teleportation
@: under a protective aura
A: horns 2, retaliatory headbutt
a: Renounce Religion, Potion Petition, Call Merchant, Bribe Branch


You were in the Dungeon.
You worshipped Gozag.
Gozag was greatly pleased with you.
You visited 1 branch You collected 5828 gold pieces.

Inventory:

Hand Weapons
 a - a +0 trident
 b - a +2 halberd of protection (weapon)
 r - a +0 glaive
Armour
 c - a +0 plate armour (worn)
 d - a +0 buckler
 f - a +0 pair of gloves (worn)
 h - a +0 cloak (worn)
Jewellery
 k - a +2 ring of protection (left hand)
Wands
 n - a wand of roots (10)
Scrolls
 j - a scroll of blinking
 o - 4 scrolls of enchant armour
 p - a scroll of identify
Potions
 e - 6 potions of curing
 g - a potion of haste
 i - 3 potions of berserk rage
 l - a potion of might
 m - 4 potions of magic
 q - 4 potions of heal wounds


   Skills:
 + Level 17.6 Fighting
 * Level 23.7 Polearms
 + Level 17.6 Armour
 - Level 3.6 Shields


You had 10 spell levels left.
You didn't know any spells.
Your spell library was empty.

Dungeon Overview and Level Annotations

Branches:
Dungeon (1/1)

Altars:
Cheibriados
Dithmenos
Elyvilon
Fedhas
Gozag
Hepliaklqana
Kikubaaqudgha
Makhleb
Nemelex Xobeh
Okawaru
Qazlal
Ru
Sif Muna
Trog
Uskayaw
Vehumet
Wu Jian
Xom
Yredelemnul
Zin
The Shining One
Jiyva
Lugonu

Shops:
D *::=


Innate Abilities, Weirdness & Mutations

You have a pair of horns on your head.
You reflexively headbutt those who attack you in melee.


Message History

The orc high priest is no longer distracted by gold.
The orc high priest hits you but does no damage.
There is an entrance to Noon's Jewellery Boutique here.
Things that are here:
104 gold pieces; a +0 hand axe; a +0 scale mail You slice the orc high priest!!
The orc high priest is moderately wounded.
The orc high priest closely misses you.
An orc high priest comes into view. It is wielding a +0 long sword.
You barely miss the orc high priest.
The orc high priest is moderately wounded.
The orc high priest shouts!
You hit the orc high priest.
Your headbutt misses the orc high priest.
The orc high priest is heavily wounded.
The orc high priest hits you with a +0 war axe!
* * * LOW HITPOINT WARNING * * *
You hit the orc high priest but do no damage.
The orc high priest is heavily wounded.
The orc high priest utters an invocation to Beogh.
The orc high priest hits you with a +0 war axe.
* * * LOW HITPOINT WARNING * * *
You barely miss the orc high priest. You headbutt the orc high priest.
The orc high priest is heavily wounded.
You impale the orc high priest!!
The orc high priest is almost dead.
The orc priest is no longer distracted by gold.
The orc priest looks braver for a moment.
The orc high priest mumbles some strange prayers to Beogh against you.
Beogh smites you!
* * * LOW HITPOINT WARNING * * *
You closely miss the orc high priest.
The orc high priest is almost dead.
The orc priest mumbles some strange prayers to Beogh against you.
Beogh smites you!
* * * LOW HITPOINT WARNING * * *
The orc high priest calls down the wrath of Beogh upon you.
Beogh smites you!
You die...
Your body crumbles into a pile of gold.

▓▓▓▓▓▓▓▓▓▓▓▓▓▓▓▓▓▓▓▓▓▓▓▓
$$$$oo4oo4o@$$$$$$..........
▓▓▓▓▓▓▓▓▓▓▓▓▓▓▓▓▓▓▓▓▓▓▓▓▓▓▓▓▓▓▓▓▓
.................................
▓▓▓▓▓▓▓▓▓▓▓▓▓▓▓▓▓▓▓▓▓▓▓▓▓▓▓▓▓▓▓▓▓
...[[[..'[.)?........'.........'.
▓▓▓▓▓▓▓▓▓▓▓▓▓▓▓▓▓▓▓▓▓▓▓▓▓▓▓▓▓▓▓▓▓
.................................
▓▓▓▓▓▓▓▓▓▓▓▓▓▓▓▓▓▓▓▓▓▓▓▓▓▓▓▓▓▓▓▓▓
...()...))))...=[[)?!'___________


You could see 3 orc high priests, an ice devil (summoned), a rust devil
(summoned) and 2 orc priests.

Vanquished Creatures
  A hydra (D)
  A catoblepas (D)
  A death yak (D)
  4 orc high priests (D)
  A skyshark (D)
  2 orc knights (D)
  A cyclops (D)
  An elephant (D)
  A gargoyle (D)
  4 cane toads (D)
  An efreet (D)
  A troll (D)
  2 blink frogs (D)
  A slime creature (D)
  3 yaks (D)
  A steam dragon (D)
  5 vampire mosquitoes (D)
  3 water moccasins (D)
  12 orc warriors (D)
  A centaur (D)
  A wolf (D)
  4 bullfrogs (D)
  A hound (D)
  5 orc priests (D)
  5 orc wizards (D)
  An adder (D)
  An ufetubus (D)
  A worm (D)
  8 orcs (D)
  2 ball pythons (D)
  A hobgoblin (D)
  A quokka (D)
  A frilled lizard (D)
79 creatures vanquished.

Notes
Turn   | Place    | Note
-------+----------+-------------------------------------------
     0 | D        | Heoruswealwe the Minotaur Fighter began the quest for the
                  | Orb.
     0 | D        | Reached XP level 1. HP: 19/19 MP: 0/0
    13 | D        | Reached skill level 3 in Polearms
    42 | D        | Noticed a hound
    48 | D        | Reached skill level 4 in Polearms
    48 | D        | Reached XP level 2. HP: 28/28 MP: 1/1
    53 | D        | Reached skill level 5 in Polearms
    54 | D        | Reached skill level 5 in Fighting
    54 | D        | Reached skill level 5 in Armour
    61 | D        | Reached skill level 6 in Polearms
    61 | D        | Reached XP level 3. HP: 31/37 MP: 2/2
    67 | D        | Found a snail-covered altar of Cheibriados.
    67 | D        | Found a shadowy altar of Dithmenos.
    67 | D        | Found a white marble altar of Elyvilon.
    67 | D        | Found a blossoming altar of Fedhas.
    67 | D        | Found an opulent altar of Gozag.
    68 | D        | Found a hazy altar of Hepliaklqana.
    69 | D        | Found a viscous altar of Jiyva.
    70 | D        | Found an ancient bone altar of Kikubaaqudgha.
    71 | D        | Found a corrupted altar of Lugonu.
    72 | D        | Found a burning altar of Makhleb.
    73 | D        | Found a sparkling altar of Nemelex Xobeh.
    74 | D        | Found an iron altar of Okawaru.
    75 | D        | Became a worshipper of Gozag Ym Sagoz the Greedy
    76 | D        | Found a stormy altar of Qazlal.
    77 | D        | Found a sacrificial altar of Ru.
    78 | D        | Found a shimmering blue altar of Sif Muna.
    79 | D        | Found a bloodstained altar of Trog.
    80 | D        | Found a hide-covered altar of Uskayaw.
    81 | D        | Found a radiant altar of Vehumet.
    82 | D        | Found an ornate altar of the Wu Jian Council.
    83 | D        | Found a shimmering altar of Xom.
    84 | D        | Found a basalt altar of Yredelemnul.
    85 | D        | Found a glowing silver altar of Zin.
    86 | D        | Found a glowing golden altar of the Shining One.
   117 | D        | Noticed an orc warrior
   117 | D        | Noticed an orc warrior
   117 | D        | Noticed a centaur
   117 | D        | Noticed a gargoyle
   122 | D        | Killed a gargoyle
   123 | D        | Reached skill level 11 in Polearms
   123 | D        | Reached XP level 4. HP: 16/50 MP: 3/3
   123 | D        | Reached XP level 5. HP: 19/57 MP: 4/4
   123 | D        | Reached XP level 6. HP: 21/63 MP: 5/5
   128 | D        | Reached skill level 12 in Polearms
   129 | D        | Killed an orc warrior
   130 | D        | Reached XP level 7. HP: 15/71 MP: 6/6
   136 | D        | Reached skill level 10 in Fighting
   136 | D        | Reached skill level 13 in Polearms
   136 | D        | Reached skill level 10 in Armour
   333 | D        | Noticed a cyclops
   333 | D        | Noticed a troll
   333 | D        | Noticed a vampire mosquito
   333 | D        | Noticed an efreet
   333 | D        | Noticed a vampire mosquito
   333 | D        | Noticed a slime creature
   338 | D        | Killed a slime creature
   339 | D        | Reached skill level 14 in Polearms
   339 | D        | Killed a vampire mosquito
   346 | D        | Killed an efreet
   347 | D        | Reached skill level 15 in Polearms
   347 | D        | Reached XP level 8. HP: 65/82 MP: 7/7
   354 | D        | Killed a troll
   362 | D        | Killed a cyclops
   363 | D        | Reached skill level 16 in Polearms
   576 | D        | Noticed a cane toad
   576 | D        | Noticed a blink frog
   576 | D        | Noticed an elephant
   580 | D        | Reached XP level 9. HP: 92/92 MP: 8/8
   585 | D        | Noticed a cane toad
   586 | D        | Reached skill level 17 in Polearms
   591 | D        | Killed an elephant
   596 | D        | Killed a cane toad
   597 | D        | Reached skill level 18 in Polearms
   606 | D        | Killed a cane toad
   618 | D        | Reached skill level 19 in Polearms
   667 | D        | Noticed an eight-headed hydra
   667 | D        | Noticed a cane toad
   667 | D        | Noticed a catoblepas
   667 | D        | Noticed a death yak
   670 | D        | Noticed a skyshark
   672 | D        | Killed a death yak
   673 | D        | Reached XP level 10. HP: 86/104 MP: 9/9
   700 | D        | Killed a catoblepas
   701 | D        | Reached skill level 20 in Polearms
   706 | D        | Noticed a cane toad
   708 | D        | Killed a 14-headed hydra
   709 | D        | Reached skill level 15 in Fighting
   709 | D        | Reached skill level 15 in Armour
   713 | D        | Killed a cane toad
   719 | D        | Killed a skyshark
   720 | D        | Reached skill level 21 in Polearms
   727 | D        | Killed a cane toad
  1143 | D        | Reached XP level 11. HP: 114/114 MP: 10/10
  1171 | D        | Reached skill level 22 in Polearms
  1212 | D        | Noticed an orc knight
  1219 | D        | Killed an orc knight
  1257 | D        | Noticed an orc knight
  1271 | D        | Killed an orc knight
  1478 | D        | Found Noon's Jewellery Boutique.
  1478 | D        | Noticed an orc high priest
  1478 | D        | Noticed an orc high priest
  1478 | D        | Noticed an orc high priest
  1478 | D        | Noticed an orc high priest
  1481 | D        | Noticed a soul eater
  1486 | D        | Killed an orc high priest
  1487 | D        | Reached skill level 23 in Polearms
  1487 | D        | Found Emoas's Book Shop.
  1497 | D        | Killed an orc high priest
  1498 | D        | Found Niri's Book Boutique.
  1498 | D        | Noticed an orc high priest
  1506 | D        | Killed an orc high priest
  1509 | D        | Killed an orc high priest
  1510 | D        | Found Plog's Assorted Antiques.
  1510 | D        | Noticed an orc high priest
  1514 | D        | Noticed an orc high priest
  1520 | D        | HP: 5/118 [orc priest/divine providence (8)]
  1520 | D        | Killed from afar by an orc high priest

Illustrated notes

Levels and vault maps discovered:
D:        linesprint [early_d, line_temple, items_1, d_10, items_2, lair_1,
          lair_end, items_3, orc_1, orc_end, items_4, d_15, swamp_1, shoals_1,
          snake_1, spider_1, d_20, vaults_1, items_5, swamp_end, shoals_end,
          snake_end, spider_end, vaults_end, d_27, items_6, zot_1, zot_end,
          crypt_end, forest_end, elf_end, slime_end, tomb_end, abyss_end,
          pan_hell_end]

Skill      XL: |  1  2  3  4  5  6  7  8  9 10 11 |
---------------+----------------------------------+-----
Polearms       | 4 6 11 12 15 16 19 21 23 | 23.7
Fighting       | 4 5 9 11 12 14 16 17 | 17.6
Armour         | 4 5 9 11 12 14 16 17 | 17.6
Shields        | |  3.6

Action                     |  1- 3 |  4- 6 |  7- 9 | 10-12 || total
---------------------------+-------+-------+-------+-------++-------
  Melee: Trident           |    34 |       |       |       ||    34
         Headbutt          |     5 |     1 |    12 |    36 ||    54
         Halberd           |     5 |     6 |    76 |   161 ||   248
    Use: Potion            |       |       |       |     4 ||     4
         Scroll            |       |       |       |     1 ||     1
   Stab: Distracted        |       |       |       |     2 ||     2
 Armour: Scale mail        |    17 |     7 |     5 |       ||    29
         Chain mail        |       |       |    18 |    76 ||    94
         Plate armour      |       |       |       |    19 ||    19
  Dodge: Dodged            |    12 |     4 |    18 |    48 ||    82
  Block: Buckler           |     6 |       |       |       ||     6
